TOP OF THE 1ST |
New Jersey Devils batting - Pitching for Columbus Reds : RHP Amador Sadaba
|
Pitching: RHP Amador Sadaba
|
|
Batting: RHB Oscar Ramirez
|
0-0: Fly out, F9 (Flyball, 9, EV 76.2 MPH)
|
Batting: LHB John Stokes
|
0-0: Ground out 6-3 (Groundball, 4, EV 84.4 MPH)
|
Batting: SHB Ernesto Mazas
|
0-0: Foul Ball, location: 2F 0-1: Ball 1-1: Ball 2-1: SINGLE (Flyball, 3D, EV 87.5 MPH)
|
Batting: SHB Danny Tapia Jr.
|
0-0: Ball 1-0: Swinging Strike 1-1: Ball 2-1: Foul Ball, location: 2F 2-2: Fly out, F8 (Flyball, 89D, EV 100.6 MPH)
|
Top of the 1st over - 0 runs, 1 hit, 0 errors, 1 left on base; New Jersey 0 - Columbus 0 |
BOTTOM OF THE 1ST |
Columbus Reds batting - Pitching for New Jersey Devils : LHP Chris Fox
|
Pitching: LHP Chris Fox
|
|
Batting: RHB Tony Camacho
|
0-0: Ground out 2-3 (Groundball, 13S, EV 64.4 MPH)
|
Batting: SHB Bill Dissette
|
0-0: Called Strike 0-1: Called Strike 0-2: Ball 1-2: Fly out, F7 (Flyball, 78S, EV 71.2 MPH)
|
Batting: RHB Ji-an See-to
|
0-0: Ball 1-0: Ground out 6-3 (Groundball, 6, EV 103.8 MPH)
|
Bottom of the 1st over - 0 runs, 0 hits, 0 errors, 0 left on base; New Jersey 0 - Columbus 0 |
TOP OF THE 2ND |
New Jersey Devils batting - Pitching for Columbus Reds : RHP Amador Sadaba
|
Batting: RHB Frank Pinksen
|
0-0: Ball 1-0: Swinging Strike 1-1: Swinging Strike 1-2: Strikes out swinging
|
Batting: LHB Rodolfo Alvarez
|
0-0: Ball 1-0: Ground out 6-3 (Groundball, 6M, EV 91.9 MPH)
|
Batting: RHB Torsten Hodensack
|
0-0: Ball 1-0: Ball 2-0: Ball 3-0: Called Strike 3-1: Fly out, F5 (Line Drive, 5L, EV 73.8 MPH)
|
Top of the 2nd over - 0 runs, 0 hits, 0 errors, 0 left on base; New Jersey 0 - Columbus 0 |
BOTTOM OF THE 2ND |
Columbus Reds batting - Pitching for New Jersey Devils : LHP Chris Fox
|
Batting: RHB Matt Carman
|
0-0: Foul Ball, location: 2F 0-1: Ball 1-1: Ground out 6-3 (Groundball, 6, EV 83.8 MPH)
|
Batting: SHB Colin Black
|
0-0: SINGLE (Line Drive, 56D, EV 96.2 MPH)
|
Batting: RHB Declan Eichele
|
0-0: Ball 1-0: Ball 2-0: Swinging Strike 2-1: Foul Ball, location: 2F 2-2: Strikes out swinging
|
Batting: RHB Cornholdo Schwerin
|
0-0: Ball 1-0: Ball 2-0: Foul Ball, location: 2F 2-1: Fly out, F9 (Flyball, 9D, EV 90.6 MPH)
|
Bottom of the 2nd over - 0 runs, 1 hit, 0 errors, 1 left on base; New Jersey 0 - Columbus 0 |
TOP OF THE 3RD |
New Jersey Devils batting - Pitching for Columbus Reds : RHP Amador Sadaba
|
Batting: LHB Mike Bolock
|
0-0: Ball 1-0: Hit by Pitch
|
Batting: LHB Jason Miller
|
0-0: Ball 1-0: Called Strike 1-1: Called Strike 1-2: Strikes out swinging
|
Batting: RHB Oscar Ramirez
|
0-0: Grounds into double play, 6-4-3 (Groundball, 56, EV 80.0 MPH)
|
Top of the 3rd over - 0 runs, 0 hits, 0 errors, 0 left on base; New Jersey 0 - Columbus 0 |
BOTTOM OF THE 3RD |
Columbus Reds batting - Pitching for New Jersey Devils : LHP Chris Fox
|
Batting: RHB Nick Partain
|
0-0: Ground out U3 (Groundball, 3, EV 87.5 MPH)
|
Batting: RHB Jorge Velez
|
0-0: Called Strike 0-1: Foul Ball, location: 2F 0-2: Ball 1-2: Ball 2-2: Foul Ball, location: 2F 2-2: Ground out 5-3 (Groundball, 56S, EV 65.0 MPH)
|
Batting: RHB Tony Camacho
|
0-0: Ball 1-0: Fly out, F8 (Flyball, 8RM, EV 89.4 MPH)
|
Bottom of the 3rd over - 0 runs, 0 hits, 0 errors, 0 left on base; New Jersey 0 - Columbus 0 |
TOP OF THE 4TH |
New Jersey Devils batting - Pitching for Columbus Reds : RHP Amador Sadaba
|
Batting: LHB John Stokes
|
0-0: Ball 1-0: Ball 2-0: Fly out, F7 (Flyball, 7, EV 87.5 MPH)
|
Batting: SHB Ernesto Mazas
|
0-0: Fly out, F8 (Line Drive, 8RD, EV 98.1 MPH)
|
Batting: SHB Danny Tapia Jr.
|
0-0: Foul Ball, location: 2F 0-1: Ball 1-1: Foul Ball, location: 2F 1-2: Ball 2-2: Ball 3-2: Foul Ball, location: 2F 3-2: Ground out 4-3 (Groundball, 4, EV 107.5 MPH)
|
Top of the 4th over - 0 runs, 0 hits, 0 errors, 0 left on base; New Jersey 0 - Columbus 0 |
BOTTOM OF THE 4TH |
Columbus Reds batting - Pitching for New Jersey Devils : LHP Chris Fox
|
Batting: SHB Bill Dissette
|
0-0: Called Strike 0-1: SINGLE (Groundball, 5D, EV 96.9 MPH)
|
Batting: RHB Ji-an See-to
|
0-0: Ball Bill Dissette is caught stealing 2nd base 2-4 1-0: Called Strike 1-1: Ball 2-1: SINGLE (Groundball, 5S, EV 99.4 MPH)
|
Batting: RHB Matt Carman
|
0-0: Ball 1-0: Foul Ball, location: 2F 1-1: Ball 2-1: Foul Ball, location: 2F 2-2: SINGLE (Groundball, 56, EV 95.0 MPH) (infield hit) Ji-an See-to to second
|
Batting: SHB Colin Black
|
0-0: Ball 1-0: Swinging Strike 1-1: Ball 2-1: Fly out, F4 (Popup, 34, EV 61.9 MPH)
|
Batting: RHB Declan Eichele
|
0-0: Called Strike 0-1: Called Strike 0-2: Strikes out swinging
|
Bottom of the 4th over - 0 runs, 3 hits, 0 errors, 2 left on base; New Jersey 0 - Columbus 0 |
TOP OF THE 5TH |
New Jersey Devils batting - Pitching for Columbus Reds : RHP Amador Sadaba
|
Batting: RHB Frank Pinksen
|
0-0: Foul Ball, location: 2F 0-1: Ball 1-1: Ball 2-1: Ball 3-1: Base on Balls
|
Batting: LHB Rodolfo Alvarez
|
0-0: Ball 1-0: Foul Ball, location: 2F 1-1: Called Strike Frank Pinksen steals 2nd base 1-2: Strikes out looking
|
Batting: RHB Torsten Hodensack
|
0-0: Called Strike 0-1: Ground out 6-3 (Groundball, 6, EV 83.8 MPH)
|
Batting: LHB Mike Bolock
|
0-0: Called Strike 0-1: Swinging Strike 0-2: Foul Ball, location: 2F 0-2: Strikes out swinging
|
Top of the 5th over - 0 runs, 0 hits, 0 errors, 1 left on base; New Jersey 0 - Columbus 0 |
BOTTOM OF THE 5TH |
Columbus Reds batting - Pitching for New Jersey Devils : LHP Chris Fox
|
Batting: RHB Cornholdo Schwerin
|
0-0: Ball 1-0: Ball 2-0: Ball 3-0: Called Strike 3-1: Foul Ball, location: 2F 3-2: Strikes out swinging
|
Batting: RHB Nick Partain
|
0-0: Ground out 6-3 (Groundball, 6, EV 108.8 MPH)
|
Batting: RHB Jorge Velez
|
0-0: Ball 1-0: Ball 2-0: Called Strike 2-1: Fly out, F9 (Flyball, 9D, EV 101.2 MPH)
|
Bottom of the 5th over - 0 runs, 0 hits, 0 errors, 0 left on base; New Jersey 0 - Columbus 0 |
TOP OF THE 6TH |
New Jersey Devils batting - Pitching for Columbus Reds : RHP Amador Sadaba
|
Batting: LHB Jason Miller
|
0-0: Ball 1-0: SINGLE (Groundball, 6D, EV 99.4 MPH)
|
Batting: RHB Oscar Ramirez
|
0-0: Called Strike 0-1: Ball 1-1: Grounds into double play, 6-4-3 (Groundball, 6, EV 105.6 MPH)
|
Batting: LHB John Stokes
|
0-0: Swinging Strike 0-1: Foul Ball, location: 2F 0-2: Ground out 6-3 (Groundball, 4M, EV 105.6 MPH)
|
Top of the 6th over - 0 runs, 1 hit, 0 errors, 0 left on base; New Jersey 0 - Columbus 0 |
BOTTOM OF THE 6TH |
Columbus Reds batting - Pitching for New Jersey Devils : LHP Chris Fox
|
Batting: RHB Tony Camacho
|
0-0: Called Strike 0-1: Fly out, F8 (Line Drive, 78M, EV 85.6 MPH)
|
Batting: SHB Bill Dissette
|
0-0: SOLO HOME RUN (Flyball, 7D, EV 97.5 MPH), Distance : 380 ft
|
Batting: RHB Ji-an See-to
|
0-0: Ball 1-0: Called Strike 1-1: Ball 2-1: Ball 3-1: Called Strike 3-2: SOLO HOME RUN (Flyball, 7D, EV 100.0 MPH), Distance : 400 ft
|
Batting: RHB Matt Carman
|
0-0: Called Strike 0-1: Ball 1-1: Ball 2-1: Foul Ball, location: 2F 2-2: Foul Ball, location: 2F 2-2: Ball 3-2: Ground out 6-3 (Groundball, 6, EV 104.4 MPH)
|
Batting: SHB Colin Black
|
0-0: Swinging Strike 0-1: Ball 1-1: Called Strike 1-2: Ball 2-2: Fly out, F8 (Flyball, 8LD, EV 95.6 MPH)
|
Bottom of the 6th over - 2 runs, 2 hits, 0 errors, 0 left on base; New Jersey 0 - Columbus 2 |
TOP OF THE 7TH |
New Jersey Devils batting - Pitching for Columbus Reds : RHP Amador Sadaba
|
Batting: SHB Ernesto Mazas
|
0-0: Ball 1-0: Ball 2-0: Foul Ball, location: 2F 2-1: Swinging Strike 2-2: Ball 3-2: Foul Ball, location: 2F 3-2: Strikes out swinging
|
Batting: SHB Danny Tapia Jr.
|
0-0: Ball 1-0: Called Strike 1-1: Foul Ball, location: 2F 1-2: Ground out 5-3 (Groundball, 56, EV 107.5 MPH)
|
Batting: RHB Frank Pinksen
|
0-0: Called Strike 0-1: Foul Ball, location: 2F 0-2: Ball 1-2: SINGLE (Line Drive, 4D, EV 96.9 MPH)
|
Batting: LHB Rodolfo Alvarez
|
0-0: Ball 1-0: Ball 2-0: Ball 3-0: Called Strike 3-1: Base on Balls Frank Pinksen to second
|
Pinch Hitting: LHB Miguel Quizhpi
|
0-0: Called Strike 0-1: Swinging Strike 0-2: Foul Ball, location: 2F 0-2: Foul Ball, location: 2F 0-2: Strikes out swinging
|
Top of the 7th over - 0 runs, 1 hit, 0 errors, 2 left on base; New Jersey 0 - Columbus 2 |
BOTTOM OF THE 7TH |
Columbus Reds batting - Pitching for New Jersey Devils : LHP Chris Fox
|
Now at 3B: Matt Reynolds
|
|
Batting: RHB Declan Eichele
|
0-0: Ball 1-0: Ground out 6-3 (Groundball, 6S, EV 84.4 MPH)
|
Batting: RHB Cornholdo Schwerin
|
0-0: Called Strike 0-1: Foul Ball, location: 2F 0-2: Ball 1-2: TRIPLE (Flyball, 9D, EV 95.6 MPH)
|
Batting: RHB Nick Partain
|
0-0: Foul Ball, location: 2F 0-1: Ball 1-1: Swinging Strike 1-2: Strikes out swinging
|
Batting: RHB Jorge Velez
|
0-0: Called Strike 0-1: Foul Ball, location: 2F 0-2: Foul Ball, location: 2F 0-2: Ball 1-2: Foul Ball, location: 2F 1-2: Ground out 6-3 (Groundball, 6S, EV 76.9 MPH)
|
Bottom of the 7th over - 0 runs, 1 hit, 0 errors, 1 left on base; New Jersey 0 - Columbus 2 |
TOP OF THE 8TH |
New Jersey Devils batting - Pitching for Columbus Reds : RHP Amador Sadaba
|
Now at 1B: Ji-an See-to
|
|
Now at 2B: Nick Partain
|
|
Now in LF: Eddie Crawford
|
|
Now in RF: Gabe Morales
|
|
Batting: LHB Mike Bolock
|
0-0: Called Strike 0-1: Ball 1-1: Fly out, F7 (Line Drive, 7, EV 91.2 MPH)
|
Batting: LHB Jason Miller
|
0-0: Foul Ball, location: 2F 0-1: Foul Ball, location: 2F 0-2: Ball 1-2: Ball 2-2: Ball 3-2: Base on Balls
|
Pinch Hitting: LHB Tao Li
|
0-0: Called Strike 0-1: Called Strike 0-2: Ball 1-2: Strikes out swinging
|
Batting: LHB John Stokes
|
0-0: Ball 1-0: Ground out U3 (Groundball, 3, EV 88.8 MPH)
|
Top of the 8th over - 0 runs, 0 hits, 0 errors, 1 left on base; New Jersey 0 - Columbus 2 |
BOTTOM OF THE 8TH |
Columbus Reds batting - Pitching for New Jersey Devils : LHP Chris Fox
|
Pitching: LHP Adam Howell
|
|
Now at SS: Ted Hickey
|
|
Batting: RHB Tony Camacho
|
0-0: Called Strike 0-1: Foul Ball, location: 2F 0-2: Foul Ball, location: 2F 0-2: Strikes out swinging
|
Batting: SHB Eddie Crawford
|
0-0: Ball 1-0: Ground out 3-1 (Groundball, 34, EV 96.9 MPH)
|
Batting: RHB Ji-an See-to
|
0-0: Ball 1-0: Called Strike 1-1: Foul Ball, location: 2F 1-2: Strikes out swinging
|
Bottom of the 8th over - 0 runs, 0 hits, 0 errors, 0 left on base; New Jersey 0 - Columbus 2 |
TOP OF THE 9TH |
New Jersey Devils batting - Pitching for Columbus Reds : RHP Amador Sadaba
|
Pitching: RHP Jaiden Triplett
|
|
Now in LF: Gabe Morales
|
|
Now in RF: Alex Ruybalid
|
|
Batting: SHB Ernesto Mazas
|
0-0: SINGLE (Line Drive, 7S, EV 101.9 MPH)
|
Pinch Hitting: RHB John Carpenter
|
0-0: Called Strike 0-1: Ball 1-1: Ball 2-1: Called Strike 2-2: Foul Ball, location: 2F 2-2: Foul Ball, location: 2F 2-2: Ball 3-2: Strikes out looking Ernesto Mazas is caught stealing 2nd base 2-4 Batter strikes out.
|
Pinch Hitting: LHB Joel Sandoval
|
0-0: Ball 1-0: Called Strike 1-1: Swinging Strike 1-2: Strikes out swinging
|
Top of the 9th over - 0 runs, 1 hit, 0 errors, 0 left on base; New Jersey 0 - Columbus 2 |
|